Map: Dragon Scales LE

Players

ZoRo - Winner!

  • Race: Zerg Zerg
  • League: Master
  • Spawn Location: 5:00

IronLung

  • Race: Protoss Protoss
  • League: Master
  • Spawn Location: 11:00

VOD

Have the link to the VOD?

Description

Time

  • Played on: June 23, 2023, 5:32 p.m.
  • Length: 8:34
Show
View Real Time Build Order
Export as new Build Order

ZoRo Zerg - Winner!

Build Orders: Hatch First, Lurkers 

Get SALT Encoding   

  12  0:00  Drone  
  13  0:13  Overlord  
  13  0:17  Drone  
  14  0:31  Drone x2  
  16  0:49  Hatchery  
  15  0:52  Drone  
  15  0:55  Drone  
  17  0:59  Drone  
  18  1:10  Extractor  
  17  1:15  Spawning Pool  
  17  1:18  Drone  
  17  1:20  Drone  
  18  1:28  Drone  
  19  1:40  Drone  
  20  1:50  Overlord  
  20  2:01  Queen x2  
  20  2:02  Zergling x2  
  20  2:03  Zergling x2  
  26  2:11  Metabolic Boost  
  26  2:13  Drone  
  27  2:15  Drone  
  27  2:22  Drone  
  29  2:23  Drone  
  30  2:40  Hatchery  
  29  2:46  Queen  
  31  2:51  Overlord  
  31  2:59  Drone x3  
  31  3:01  Drone  
  31  3:04  Drone  
  36  3:09  Pneumatized Carapace  
  36  3:13  Drone  
  36  3:14  Drone  
  36  3:18  Drone x2  
  40  3:24  Overlord  
  40  3:25  Drone  
  41  3:27  Drone  
  41  3:32  Queen  
  43  3:47  Roach Warren  
  43  3:48  Drone x4  
  43  3:49  Extractor x2  
  43  3:52  Queen  
  43  3:54  Spore Crawler  
  43  3:55  Spore Crawler  
  47  3:56  Drone  
  48  4:06  Drone x4  
  48  4:07  Drone  
  53  4:10  Spore Crawler  
  53  4:14  Drone x4  
  53  4:16  Drone  
  54  4:19  Drone  
  55  4:25  Drone  
  55  4:28  Drone  
  57  4:31  Lair  
  57  4:35  Extractor  
  57  4:36  Extractor x2, Drone x2  
  57  4:37  Drone  
  57  4:38  Extractor  
  57  4:39  Drone  
  57  4:44  Overlord x2  
  55  4:53  Drone x2  
  57  5:05  Drone x4  
  57  5:06  Drone  
  62  5:11  Overlord x4  
  62  5:36  Hydralisk Den  
  61  5:53  Overlord x2  
  61  6:05  Muscular Augments, Hydralisk x2  
  61  6:06  Hydralisk x13  
  61  6:08  Hydralisk  
  93  6:13  Zergling x6  
  93  6:14  Zergling x2  
  93  6:16  Zergling x2  
  98  6:21  Zergling x6  
  101  6:25  Lurker Den  
  101  6:28  Zergling x6  
  101  6:30  Zergling x2  
  104  6:33  Zergling x2  
  104  6:35  Zergling x4  
  104  6:37  Zergling x2  
  104  6:38  Zergling x2  
  104  6:39  Zergling x2  
  110  6:44  Overlord  
  110  6:48  Zergling x6  
  110  6:51  Zergling x4  
  110  6:53  Zergling x2  
  115  6:55  Overlord  
  104  7:16  Hydralisk  
  104  7:17  Hydralisk x4  
  104  7:18  Zergling x2  
  104  7:19  Zergling x6  
  107  7:25  Lurker  
  107  7:27  Lurker  
  107  7:29  Zergling x6  
  111  7:30  Zergling x4  
  111  7:31  Lurker  
  111  7:32  Lurker  
  111  7:34  Zergling x4  
  111  7:35  Zergling x2  
  108  7:40  Zergling x6  
  108  7:43  Zergling x4  
  101  7:45  Zergling x2  
  94  7:52  Zergling x6  
  94  7:53  Zergling x4  
  94  7:57  Lurker x3  
  94  7:58  Lurker  
  101  8:00  Zergling x2  
  101  8:01  Zergling x2  
  102  8:05  Zergling x2  
  102  8:06  Zergling x2  
Show
View Real Time Build Order
Export as new Build Order

IronLung Protoss 

Build Orders: 1 Gate Expand, Oracle Opening 

Get SALT Encoding   

  12  0:00  Probe  
  13  0:12  Probe  
  14  0:20  Pylon  
  14  0:24  Probe  
  15  0:38  Gateway  
  15  0:39  Probe (Chrono Boost)  
  16  0:47  Probe (Chrono Boost), Assimilator  
  17  0:53  Probe  
  18  1:05  Probe  
  19  1:17  Probe  
  20  1:29  Nexus  
  20  1:35  Cybernetics Core  
  21  1:40  Probe  
  21  1:44  Assimilator  
  21  1:52  Probe  
  22  1:54  Pylon  
  22  2:04  Probe  
  23  2:09  Adept (Chrono Boost)  
  25  2:16  Probe  
  25  2:20  Stargate  
  26  2:28  Probe  
  27  2:32  Adept (Chrono Boost)  
  27  2:35  Warp Gate  
  29  2:40  Probe  
  30  2:45  Probe  
  30  2:49  Gateway  
  31  2:52  Probe  
  31  2:57  Probe  
  33  3:00  Adept (Chrono Boost)  
  33  3:03  Oracle (Chrono Boost)  
  33  3:04  Probe  
  36  3:12  Probe  
  40  3:16  Probe  
  41  3:24  Probe, Pylon  
  42  3:28  Probe  
  43  3:36  Probe  
  43  3:40  Oracle (Chrono Boost)  
  44  3:45  Probe  
  44  3:48  Probe  
  47  3:57  Probe (Chrono Boost)  
  47  4:00  Nexus  
  48  4:04  Pylon  
  49  4:10  Oracle, Probe (Chrono Boost)  
  49  4:11  Assimilator  
  52  4:17  Probe (Chrono Boost)  
  52  4:20  Probe  
  52  4:23  Twilight Council  
  54  4:25  Forge  
  54  4:27  Probe, Assimilator  
  54  4:30  Pylon  
  55  4:33  Probe, Adept  
  58  4:39  Probe  
  60  4:45  Probe  
  60  4:51  Probe  
  61  4:57  Probe, Gateway  
  61  4:58  Blink (Chrono Boost)  
  61  4:59  Gateway  
  59  5:00  Shield Battery  
  59  5:03  Probe, Shield Battery  
  59  5:04  Gateway  
  60  5:13  Protoss Ground Weapons Level 1  
  60  5:20  Probe (Chrono Boost)  
  63  5:22  Pylon  
  63  5:24  Probe x2 (Chrono Boost)  
  64  5:29  Probe (Chrono Boost)  
  64  5:32  Probe (Chrono Boost)  
  64  5:33  Probe (Chrono Boost)  
  64  5:34  Probe (Chrono Boost)  
  67  5:45  Sentry  
  67  5:46  Probe (Chrono Boost)  
  67  5:48  Probe (Chrono Boost)  
  67  5:49  Probe (Chrono Boost)  
  72  5:53  Probe (Chrono Boost)  
  72  5:56  Probe (Chrono Boost)  
  75  5:57  Probe (Chrono Boost), Stalker x3  
  75  6:02  Robotics Facility  
  75  6:03  Pylon  
  82  6:04  Probe (Chrono Boost)  
  82  6:07  Probe (Chrono Boost)  
  84  6:13  Probe (Chrono Boost)  
  84  6:15  Probe (Chrono Boost)  
  84  6:16  Probe (Chrono Boost)  
  86  6:19  Stalker x2  
  90  6:30  Probe  
  91  6:34  Stalker x2  
  91  6:35  Stalker  
  91  6:37  Probe  
  98  6:41  Photon Cannon  
  98  6:42  Charge (Chrono Boost)  
  98  6:43  Photon Cannon  
  98  6:46  Photon Cannon  
  98  6:48  Shield Battery  
  98  6:50  Pylon  
  98  6:54  Stalker  
  100  6:59  Gateway  
  100  7:00  Gateway  
  100  7:01  Pylon  
  100  7:02  Pylon  
  100  7:05  Robotics Bay  
  100  7:06  Pylon  
  100  7:10  Gateway  
  100  7:15  Zealot x4  
  90  7:24  Stalker  
  80  7:35  Stalker x2  
  80  7:36  Stalker x2  
  80  7:40  Probe  
  71  7:52  Stalker  
  71  7:56  Observer (Chrono Boost)  
  69  8:08  Nexus, Stalker x5  
  69  8:09  Stalker x3  
  69  8:10  Pylon  
Tags
 
Add a new tag
Caveats
  • Supply blocks, unpowered buildings, or Contaminate may cause inaccurate times.
  • Supply counts are checked every 10 seconds.